 Dungeon Crawl Stone Soup version 0.32-a0-995-gb4a59205af (console) character file.

Game seed: 9647059487039112918

847 petzl the Thaumaturge (level 8, -3/58 HPs)
             Began as a Formicid Delver on Apr 22, 2024.
             Slain by an unseen horror (4 damage)
             ... on level 12 of the Dungeon.
             The game lasted 00:15:58 (4561 turns).

petzl the Thaumaturge (Formicid Delver)             Turns: 4561, Time: 00:15:59

Health: -3/58      AC:  3    Str: 17    XL:     8   Next: 20%
Magic:  20/20      EV: 11    Int: 12    God:
Gold:   217        SH:  0    Dex: 15    Spells: 23/23 levels left

rFire   + . .        a - +0 flail (drain)
rCold   + . .        (no shield)
rNeg    . . .        b - +0 leather armour
rPois   .            (helmet unavailable)
rElec   .            k - scarf {rC+ rF+}
rCorr   +            (no gloves)
SInv    +            (no boots)
Will    .....        (no amulet)
Stlth   +++          l - ring of resist corrosion
HPRegen 0.29/turn    (no ring)
MPRegen 0.17/turn

%: no passive effects
@: no status effects
A: permanent stasis, dig shafts and tunnels, antennae 3, four strong arms
a: Dig, Shaft Self


You were on level 12 of the Dungeon.
You visited 1 branch of the dungeon, and saw 11 of its levels.

You collected 217 gold pieces.

Inventory:

Hand Weapons
 a - a +0 flail of draining (weapon)
Missiles
 g - 27 stones
 j - 4 poisoned darts (quivered)
 u - 2 boomerangs
Armour
 b - a +0 leather armour (worn)
 k - a scarf of resistance (worn)
Jewellery
 l - a ring of resist corrosion (left hand)
 p - an amulet of magic regeneration
Wands
 f - a wand of digging (3)
 h - a wand of flame (11)
Scrolls
 c - 2 scrolls of fog
 d - a scroll of revelation
 m - a scroll of identify
 q - a scroll of blinking {unknown}
 r - a scroll of summoning {unknown}
 s - a scroll of noise {unknown}
 t - a scroll of poison
 v - a scroll of fear
 x - a scroll of silence
Potions
 e - a potion of attraction {unknown}
 i - a potion of haste {unknown}
 n - a potion of degeneration {unknown}
 o - a potion of cancellation


   Skills:
 - Level 3.4 Fighting
 - Level 2.1 Maces & Flails
 - Level 1.9 Dodging
 - Level 6.1 Stealth
 + Level 8.4 Spellcasting


You had 23 spell levels left.
You didn't know any spells.
Your spell library contained the following spells:

 Spells                   Type           Power      Damage    Failure   Level
 Ensorcelled Hibernation  Hex/Ice        10%        N/A       26%         2
 Jinxbite                 Hex            10%        N/A       26%         2
 Fugue of the Fallen      Necr           5%         N/A       45%         3
 Anguish                  Hex/Necr       2%         N/A       86%         4
 Yara's Violent Unravell  Hex/Alch       2%         3d3       99%         5
 Enfeeble                 Hex            2%         N/A       100%        7


Dungeon Overview and Level Annotations

Branches:
Dungeon (12/15)
 Temple: D:4-7         Lair: D:8-11         Orc: D:9-12

Altars:
Ashenzari
Cheibriados
Elyvilon
Hepliaklqana
Kikubaaqudgha
Makhleb
Nemelex Xobeh
Okawaru
Sif Muna
Trog
Uskayaw
Wu Jian
Yredelemnul

Annotations:
D:4 exclusion: downstairs, Eustachio, Grinder
D:8 exclusion: steam dragon
D:11 exclusion: downstairs
D:12 exclusion: vampire mosquito


Innate Abilities, Weirdness & Mutations

You cannot be hasted, slowed, berserked, paralysed or teleported.
You can dig through walls and to a lower floor.
You have a pair of large antennae on your head. (SInv)
Your four strong arms can wield two-handed weapons with a shield.


Message History

[the floor.] Placed new exclusion.
Unknown command.
Found a scroll labelled QOYKAL QOELL.
t - a scroll labelled QOYKAL QOELL
As you read the scroll of identify, it crumbles to dust.
t - a scroll of poison An unseen horror comes into view.
The unseen horror hits you. The unseen horror misses you.
You hit the unseen horror.
The unseen horror is lightly wounded.
The unseen horror hits you! The unseen horror hits you.
You barely miss the unseen horror.
The unseen horror is lightly wounded.
The unseen horror hits you.
The unseen horror hits you but does no damage.
You closely miss the unseen horror.
The unseen horror is lightly wounded.
The unseen horror closely misses you. The unseen horror hits you.
The unseen horror hits you!
You closely miss the unseen horror.
The unseen horror is lightly wounded.
The unseen horror hits you. The unseen horror closely misses you.
You barely miss the unseen horror.
The unseen horror is lightly wounded.
The unseen horror hits you!
* * * LOW HITPOINT WARNING * * *
The unseen horror hits you!
* * * LOW HITPOINT WARNING * * *
The unseen horror hits you.
* * * LOW HITPOINT WARNING * * *
You sock the unseen horror! You drain the unseen horror.
The unseen horror is moderately wounded.
The unseen horror closely misses you. The unseen horror hits you.
* * * LOW HITPOINT WARNING * * *
The unseen horror hits you but does no damage.
Unknown command.
It was a potion of cancellation.
You feel magically purged.
The unseen horror barely misses you. x2; The unseen horror hits you.
You die...

### #.# #.# #.# #.# #.#
#.# #.# #.# #.# #.# #
#..# #.# #.# #. #..# #.#
#.# #.##..# #x# #.#
#.....# #@# #.# #.....#
#.# #.#
#.##..######.####.# .#
#.##..............#
.######.##..............#
........##..........#####
........##...#####..#
........##...# #..#
........##...# #..#
.............# #..#
.............# #..#
.............# #..#
.............# #..#
.............# #..#
.............#
..)..........#
.............#
..............
............#


You could see an unseen horror (invisible, drained).

Vanquished Creatures
  2 unseen horrors
  A bombardier beetle (D:4)
  An orc priest (D:11)
  2 orc wizards
  4 gnolls
  5 adders
  3 dart slugs
  3 ribbon worms
  12 orcs
  8 ball pythons
  5 endoplasms
  3 giant cockroaches
  4 goblins
  5 hobgoblins
  5 jackals
  3 kobolds
  2 quokkas (D:3)
  4 bats
  4 rats
76 creatures vanquished.

Notes
Turn   | Place    | Note
-------+----------+-------------------------------------------
     0 | D:5      | petzl the Formicid Delver began the quest for the Orb.
     0 | D:5      | Reached XP level 1. HP: 18/18 MP: 1/1
    16 | D:6      | Noticed an orc priest
    30 | D:5      | Noticed a black bear
    48 | D:5      | Noticed a gnoll sergeant
    50 | D:5      | Noticed a water moccasin
   105 | D:4      | Noticed a black bear
   105 | D:4      | Noticed Eustachio
   140 | D:3      | Reached XP level 2. HP: 24/24 MP: 2/2
   247 | D:3      | Reached skill level 1 in Spellcasting
   333 | D:2      | Reached XP level 3. HP: 26/29 MP: 3/5
   396 | D:2      | Reached skill level 2 in Spellcasting
   785 | D:1      | Reached XP level 4. HP: 33/35 MP: 6/8
  1077 | D:2      | Reached skill level 3 in Spellcasting
  1789 | D:3      | Reached XP level 5. HP: 19/41 MP: 10/10
  2183 | D:3      | Found an ornate altar of the Wu Jian Council.
  2551 | D:4      | Reached skill level 4 in Spellcasting
  2973 | D:4      | Noticed Grinder
  2987 | D:4      | Found a bloodstained altar of Trog.
  2999 | D:4      | You fall into a shaft and drop 2 floors!
  3012 | D:6      | Noticed an ice beast
  3021 | D:6      | Found a white marble altar of Elyvilon.
  3021 | D:6      | Found a broken altar of Ashenzari.
  3023 | D:6      | Found a hide-covered altar of Uskayaw.
  3023 | D:6      | Found an iron altar of Okawaru.
  3024 | D:6      | Found a hazy altar of Hepliaklqana.
  3024 | D:6      | Found a basalt altar of Yredelemnul.
  3024 | D:6      | Found a shimmering blue altar of Sif Muna.
  3024 | D:6      | Found a snail-covered altar of Cheibriados.
  3025 | D:6      | Found a sparkling altar of Nemelex Xobeh.
  3026 | D:6      | Found a burning altar of Makhleb.
  3026 | D:6      | Found an ancient bone altar of Kikubaaqudgha.
  3028 | D:6      | Noticed an ogre
  3041 | D:6      | Reached XP level 6. HP: 16/47 MP: 13/13
  3043 | D:6      | You fall into a shaft and drop 1 floor!
  3461 | D:7      | Reached skill level 5 in Spellcasting
  3603 | D:7      | HP: 1/41 [gnoll/+0 flail[a gnoll sergeant] (4)]
  3605 | D:7      | You fall into a shaft and drop 2 floors!
  3660 | D:9      | Noticed a wraith
  3750 | D:8      | Noticed an orc warrior
  3774 | D:8      | Noticed a steam dragon
  3800 | D:8      | You fall into a shaft and drop 3 floors!
  3933 | D:11     | Noticed an unseen horror
  3964 | D:11     | Killed an unseen horror
  3965 | D:11     | Reached skill level 7 in Spellcasting
  3965 | D:11     | Reached XP level 7. HP: 23/52 MP: 13/17
  4088 | D:12     | Noticed an unseen horror
  4114 | D:12     | Killed an unseen horror
  4115 | D:12     | Reached skill level 8 in Spellcasting
  4115 | D:12     | Reached XP level 8. HP: 35/58 MP: 18/20
  4117 | D:12     | Noticed a skeletal warrior
  4552 | D:12     | Noticed an unseen horror
  4560 | D:12     | HP: 1/58 [unseen horror (6)]
  4561 | D:12     | Slain by an unseen horror

Illustrated notes

Levels and vault maps discovered:
D:1:      psy_arrival_fountain, layout_rooms
D:2:      layout_rooms, hex_intersection
D:3:      layout_loops_corners, lemuel_crystal_altar
D:4:      layout_loops_ring, trog_ov_bears_minmay,
          mainiacjoe_ossuary_entry_find_the_door, grunt_tough_drop, uniq_ijyb,
          uniq_grinder, uniq_eustachio
D:5:      layout_loops_ring, mainiacjoe_overflow_small_starburst
D:6:      layout_cave_pools, mainiacjoe_overflow_chevrons,
          nicolae_overflows_in_rows, minmay_temple_entry_arrows
D:7:      layout_cave_pods
D:8:      minmay_clustersquares, layout_basic, lair_entry_dummy, minmay_ruffians
D:9:      layout_stronghold, serial_shops, shop, serial_ice, serial_ice_h,
          serial_ice_m, serial_ice_g, serial_ice_i, nicolae_wooded_promenade,
          kennysheep_cluttered_room, uniq_maggie
D:11:     layout_stronghold, serial_column_ruins, column_ruins_hut_ruined,
          column_ruins_open_large, column_ruins_corridor_straight,
          column_ruins_grid_3, column_ruins_columns_corner,
          column_ruins_columns_straight, column_ruins_open_small,
          nicolae_yredelemnul_ghost_church
D:12:     layout_long_grid, minmay_shattered_shrine

Skill      XL: |  1  2  3  4  5  6  7 |
---------------+----------------------+-----
Spellcasting   | 1 2 3 4 7 8 |  8.4
Fighting       | |  3.4
Maces & Flails | |  2.1
Dodging        | |  1.9
Stealth        | |  6.1

Action                     |  1- 3 |  4- 6 |  7- 9 || total
---------------------------+-------+-------+-------++-------
  Melee: Mace              |    95 |   196 |       ||   291
         Flail             |       |    21 |    37 ||    58
  Throw: Dart              |       |     4 |       ||     4
Ability: Shaft Self        |       |     4 |       ||     4
         Dig               |       |     1 |       ||     1
  Evoke: Wand              |       |     1 |     2 ||     3
    Use: Potion            |       |     2 |     1 ||     3
         Scroll            |       |     1 |     3 ||     4
   Stab: Sleeping          |     6 |     8 |       ||    14
         Distracted        |     1 |       |       ||     1
 Armour: Leather armour    |    67 |   177 |    53 ||   297
  Dodge: Dodged            |    76 |   167 |    31 ||   274

Table legend: (Time is in decaauts)
 A = Elapsed time spent in this place.
 B = Non-inter-level travel time spent in this place.
 C = Inter-level travel time spent in this place.
 D = Time resting spent in this place.
 E = Time spent auto-exploring this place.
 F = Levels seen in this place.
 G = Mean time per level.
                   A        B        C        D        E       F      G
               +--------+--------+--------+--------+--------+-----+--------+
         Total |   4668 |   4598 |     70 |   1558 |   1434 |  11 |  424.4 |
       Dungeon |   4668 |   4598 |     70 |   1558 |   1434 |  11 |  424.4 |
               +--------+--------+--------+--------+--------+-----+--------+

Top non-repeatable levels by time:
     D:3: 1411 daAuts
     D:2: 700 daAuts
     D:7: 572 daAuts
     D:1: 543 daAuts
    D:11: 538 daAuts
     D:4: 362 daAuts
    D:12: 242 daAuts
     D:8: 127 daAuts
     D:9: 68 daAuts
     D:5: 55 daAuts
     D:6: 46 daAuts
